[Event "ICC tourney 2494 (25 5)"]
[Site "Internet Chess Club"]
[Date "2021.04.03"]
[Round "3"]
[White "DRAGUN, KAMIL:RIO-Dragun"]
[Black "HAKOBYAN, ARAM:WEB-Hakobyan"]
[Result "0-1"]
[ICCResult "White resigns"]
[WhiteElo "2611"]
[BlackElo "2683"]
[Opening "Réti: King's Indian attack"]
[ECO "A05"]
[NIC "KI.79"]
[Time "19:00:08"]
[TimeControl "1500+5"]

1. Nf3 Nf6 2. g3 g6 3. c4 Bg7 4. Bg2 d6 5. d4 O-O 6. O-O Bf5 7. Nc3 Ne4 8.
Nxe4 Bxe4 9. Be3 d5 10. c5 Nc6 11. Qd2 a5 12. Rfd1 Re8 13. Bf1 Qd7 14. Ng5
Bf5 15. Nf3 Rad8 16. Bh6 Bh8 17. Qc3 Bg4 18. Bg2 Qf5 19. Be3 Bxf3 20. exf3
e5 21. dxe5 Bxe5 22. Qb3 Nb4 23. f4 Bf6 24. Bd2 Nc2 25. Rab1 Re2 26. g4 Qxg4
27. Qxc2 Bd4 28. Rf1 Qh4 29. Qd3 Bxf2+ 30. Kh1 Rde8 31. Rbd1 c6 32. Bc3 Bxc5
33. Qg3 Qxg3 34. hxg3 Bf2 35. Bf3 Rc2 36. Kg2 Be1+ 37. Kh3 Bxc3 38. bxc3
Rxc3 39. Rf2 a4 40. Kg2 Ree3 41. Rdd2 Kf8 42. Rde2 Ke7 43. Rxe3+ Rxe3 44.
Rd2 Kd6 45. g4 b5 46. g5 b4 47. Kf2 Rc3 48. Bd1 Ra3 49. Ke2 c5 50. Kf2 b3
51. axb3 axb3 {White resigns} 0-1

[Event "ICC tourney 2494 (25 5)"]
[Site "Internet Chess Club"]
[Date "2021.04.03"]
[Round "3"]
[White "MATVIISHEN, VIKTOR:TTU-Matviishen"]
[Black "ALI MARANDI, CEMIL CAN:SLU-AliMarandi"]
[Result "0-1"]
[ICCResult "White resigns"]
[WhiteElo "2564"]
[BlackElo "2617"]
[Opening "QGD semi-Slav: Stoltz variation"]
[ECO "D45"]
[NIC "SL.08"]
[Time "19:00:26"]
[TimeControl "1500+5"]

1. d4 d5 2. c4 c6 3. Nf3 Nf6 4. Nc3 e6 5. e3 Nbd7 6. Qc2 Bd6 7. b3 O-O 8.
Be2 b6 9. Bb2 Bb7 10. O-O Qe7 11. Rfe1 Rad8 12. Rad1 Rfe8 13. Bf1 e5 14.
dxe5 Nxe5 15. Nd4 Bb8 16. cxd5 Nxd5 17. Nxd5 Rxd5 18. Nf5 Qg5 19. Bxe5 Rdxe5
20. f4 Qxf5 21. Bd3 Qh5 22. fxe5 Bxe5 23. g3 c5 24. Be4 Bc8 25. Bc6 Rf8 26.
Rf1 Bf6 27. Qe4 Bh3 28. Rd5 Qe2 29. Rb1 Bd4 30. Rd6 Bxe3+ 31. Kh1 Qf2 32.
Qf3 Qxa2 33. Rdd1 Qf2 34. Qxf2 Bxf2 35. Bd7 f5 36. Be6+ Kh8 37. Rd7 b5 38.
Rxa7 h5 39. Rc7 Rf6 40. Bd7 h4 41. gxh4 Rg6 42. Bc6 Bxh4 43. Ra1 Bf2 44. Bf3
Bd4 45. Re1 Kh7 46. Rb7 b4 47. Rc7 Ra6 48. Bg2 Bxg2+ 49. Kxg2 Ra2+ 50. Kf3
Rf2+ 51. Kg3 Rb2 52. Kf4 Rxb3 53. Kxf5 Rh3 54. Re8 b3 55. Rcc8 Rf3+ 56. Kg5
Bf6+ 57. Kg4 b2 58. Rb8 Rf1 59. Kh5 g6+ 60. Kg4 b1=Q {White resigns} 0-1

[Event "ICC tourney 2494 (25 5)"]
[Site "Internet Chess Club"]
[Date "2021.04.03"]
[Round "3"]
[White "SOROKIN, ALEKSEY:TTU-Sorokin"]
[Black "BOK, BENJAMIN:SLU-Bok"]
[Result "0-1"]
[ICCResult "White resigns"]
[WhiteElo "2628"]
[BlackElo "2668"]
[Opening "Queen's pawn game"]
[ECO "E10"]
[NIC "QI.01"]
[Time "19:05:18"]
[TimeControl "1500+5"]

1. d4 Nf6 2. c4 e6 3. Nf3 d5 4. g3 Bb4+ 5. Bd2 Be7 6. Bg2 O-O 7. O-O c6 8.
Qc2 Nbd7 9. Rd1 b6 10. Bf4 Bb7 11. Ne5 Nh5 12. Bd2 Nhf6 13. cxd5 cxd5 14.
Nc6 Bxc6 15. Qxc6 Rc8 16. Qb5 Ne8 17. Qd3 Nd6 18. Nc3 Nf6 19. b3 Qd7 20. f3
Nf5 21. e3 h5 22. Ne2 Rfd8 23. Be1 g5 24. Bf2 g4 25. Nf4 Nd6 26. Be1 Qb5 27.
Rac1 Qxd3 28. Nxd3 Nf5 29. Kf2 gxf3 30. Bxf3 Ng4+ 31. Bxg4 hxg4 32. Ke2 Ba3
33. Rxc8 Rxc8 34. Nf2 Nh6 35. Kd3 f5 36. b4 Nf7 37. Rb1 Nd6 38. h3 gxh3 39.
Nxh3 Kf7 40. Ng5+ Kf6 41. Nf3 Nc4 42. Bc3 Rg8 43. Rg1 Bb2 44. Be1 a5 45.
bxa5 bxa5 46. Rh1 Ba3 47. Rh6+ Rg6 48. Rh7 Bd6 49. Nh4 Rg7 50. Rxg7 Kxg7 51.
Ke2 Kh6 52. Ng2 Kg5 53. Kf3 a4 54. Bc3 Kf6 55. Ne1 Kg5 56. Nd3 Kf6 57. Bb4
Ke7 58. Bxd6+ Kxd6 59. Kf4 a3 60. Nb4 Nd2 61. Nc2 Nb1 62. Nxa3 Nxa3 63. g4
fxg4 64. Kxg4 e5 65. dxe5+ Kxe5 66. Kf3 Kf5 67. Ke2 Ke4 68. Kd2 Nc4+ 69. Kc3
Nxe3 70. a4 d4+ 71. Kb3 d3 72. a5 d2 {White resigns} 0-1

[Event "ICC tourney 2494 (25 5)"]
[Site "Internet Chess Club"]
[Date "2021.04.04"]
[Round "4"]
[White "HAKOBYAN, ARAM:WEB-Hakobyan"]
[Black "THEODOROU, NIKOLAS:SLU-Theodorou"]
[Result "1-0"]
[ICCResult "Black resigns"]
[WhiteElo "2683"]
[BlackElo "2641"]
[Opening "Scotch game"]
[ECO "C45"]
[NIC "SO.04"]
[Time "12:00:09"]
[TimeControl "1500+5"]

1. e4 e5 2. Nf3 Nc6 3. d4 exd4 4. Nxd4 Bb4+ 5. c3 Bc5 6. Be3 Bb6 7. Nf5 d5
8. Nxg7+ Kf8 9. Nh5 Bxe3 10. fxe3 Qg5 11. Nf4 Bg4 12. Be2 Ne5 13. O-O dxe4
14. Bxg4 Qxg4 15. Qd4 Re8 16. Nd2 Nh6 17. Nc4 Qg5 18. h4 Qf6 19. Qc5+ Kg8
20. Nh5 Qxh4 21. Nf6+ Kg7 22. Nxe8+ Rxe8 23. Nxe5 b6 24. Qd4 c5 25. Nf3+
{Black resigns}
1-0

[Event "ICC tourney 2494 (25 5)"]
[Site "Internet Chess Club"]
[Date "2021.04.04"]
[Round "4"]
[White "MATVIISHEN, VIKTOR:TTU-Matviishen"]
[Black "BELOUS, VLADIMIR:RIO-Belous"]
[Result "0-1"]
[ICCResult "White forfeits on time"]
[WhiteElo "2564"]
[BlackElo "2620"]
[Opening "King's Indian: Makagonov system (5.h3)"]
[ECO "E71"]
[NIC "KI.30"]
[Time "12:00:11"]
[TimeControl "1500+5"]

1. d4 Nf6 2. c4 g6 3. Nc3 Bg7 4. e4 d6 5. h3 O-O 6. Be3 e5 7. d5 Nbd7 8. g4
Nc5 9. f3 a5 10. Nge2 c6 11. Qd2 Bd7 12. Ng3 a4 13. h4 cxd5 14. cxd5 Qa5 15.
h5 Rfc8 16. hxg6 fxg6 17. g5 Ne8 18. Qh2 a3 19. b4 Qxb4 20. Qxh7+ Kf7 21.
Bd2 Qd4 22. Rb1 Rc7 23. Rh6 Qg1 24. Qxg6+ Kf8 25. Nh1 Nd3+ 26. Ke2 Rxc3 27.
Rh7 Nf4+ 28. Bxf4 exf4 {White forfeits on time} 0-1

[Event "ICC tourney 2494 (25 5)"]
[Site "Internet Chess Club"]
[Date "2021.04.04"]
[Round "4"]
[White "BARTEL, MATEUSZ:RIO-Bartel"]
[Black "BARYSHPOLETS, ANDREY:TTU-Baryshpolet"]
[Result "1/2-1/2"]
[ICCResult "Black resigns"]
[WhiteElo "2710"]
[BlackElo "2647"]
[Opening "French: Burn variation"]
[ECO "C11"]
[NIC "FR.05"]
[Time "12:00:22"]
[TimeControl "1500+5"]

1. e4 e6 2. d4 d5 3. Nc3 Nf6 4. Bg5 dxe4 5. Nxe4 Be7 6. Bxf6 gxf6 7. Nf3 f5
8. Nc3 a6 9. Qe2 b5 10. O-O-O b4 11. Na4 Qd5 12. Qe5 Qxe5 13. Nxe5 Bb7 14.
Be2 Nd7 15. Nxd7 Kxd7 16. Nc5+ Bxc5 17. dxc5+ Ke7 18. Rhg1 Rad8 19. g3 a5
20. b3 Rhg8 21. Kb2 Rxd1 22. Rxd1 f4 23. Bb5 Bd5 24. a3 h5 25. Rd4 c6 26.
Be2 e5 27. Rd1 h4 28. axb4 axb4 29. gxf4 Rg2 30. fxe5 Rxf2 31. Bc4 Bxc4 32.
bxc4 Rxh2 33. Rd6 Re2 34. Rxc6 Rxe5 35. Rh6 Rxc5 36. Kb3 Rf5 37. Rxh4 Kd6
38. Kxb4 Kc6 39. c5 Rf1 40. c3 Rf5 41. Rh8 Rf4+ 42. c4 Rf1 43. Rc8+ Kd7 44.
Ra8 Rb1+ 45. Kc3 Kc6 46. Ra7 {Game drawn by mutual agreement} 1/2-1/2

[Event "ICC tourney 2494 (25 5)"]
[Site "Internet Chess Club"]
[Date "2021.04.04"]
[Round "4"]
[White "SOROKIN, ALEKSEY:TTU-Sorokin"]
[Black "GABUZYAN, HOVHANNES:RIO-Gabuzyan"]
[Result "1/2-1/2"]
[ICCResult "White stalemated"]
[WhiteElo "2628"]
[BlackElo "2664"]
[Opening "Benkö gambit: main line"]
[ECO "A58"]
[NIC "BI.45"]
[Time "12:00:10"]
[TimeControl "1500+5"]

1. d4 Nf6 2. c4 c5 3. d5 b5 4. cxb5 a6 5. bxa6 Bxa6 6. Nc3 d6 7. Nf3 g6 8.
e4 Bxf1 9. Kxf1 Bg7 10. g3 O-O 11. Kg2 Qb6 12. Qe2 Na6 13. Bg5 h6 14. Bxf6
Bxf6 15. Rab1 Nc7 16. Rhd1 Bg7 17. Qe3 Rfb8 18. e5 Qb7 19. Rd2 dxe5 20. Rbd1
Rd8 21. Qxc5 Ne8 22. Re2 Nd6 23. Qe3 Nc4 24. Qe4 Rac8 25. Qb1 f5 26. Nh4 Qa6
27. Qd3 Qf6 28. f3 Nxb2 29. Rxb2 e4 30. fxe4 Rxc3 31. Qe2 f4 32. e5 Qxe5 33.
Qxe5 Bxe5 34. Nxg6 f3+ 35. Kh3 Bf6 36. Rf2 e5 37. Kg4 e4 38. Re1 Rxd5 39. h4
h5+ 40. Kf4 Kf7 41. Kxe4 Ra5 42. Re3 Rc4+ 43. Kxf3 Kxg6 44. Kg2 Be5 45. Rfe2
Kf5 46. Kh3 Rg4 47. Rf3+ Ke6 48. Rfe3 Rd5 49. Rf3 Kd7 50. Rfe3 Bd6 51. Rf3
Rd1 52. Rc2 Rg1 53. Rcc3 Be5 54. Rcd3+ Ke6 55. a3 Rc4 56. Rd2 Re4 57. Kh2
Rge1 58. Kg2 Ra1 59. Rc2 Ree1 60. Kh3 Kd5 61. Rb3 Ke4 62. Rf2 Bd6 63. Rbb2
Re3 64. Rbe2 Rxa3 65. Rxe3+ Rxe3 66. Rg2 Kf3 67. Rg1 Kf2 68. Rg2+ Kf1 69.
Kh2 Rf3 70. Kh3 Bc5 71. Kh2 Bf2 72. Kh3 Bg1 73. Rxg1+ Kxg1 {White
stalemated} 1/2-1/2

[Event "ICC tourney 2494 (25 5)"]
[Site "Internet Chess Club"]
[Date "2021.04.04"]
[Round "4"]
[White "DRAGUN, KAMIL:RIO-Dragun"]
[Black "KHANIN, SEMEN:TTU-Khanin"]
[Result "1-0"]
[ICCResult "Black resigns"]
[WhiteElo "2611"]
[BlackElo "2557"]
[Opening "Réti: King's Indian attack"]
[ECO "A05"]
[NIC "QP.11"]
[Time "12:08:19"]
[TimeControl "1500+5"]

1. Nf3 Nf6 2. g3 g6 3. Bg2 Bg7 4. O-O O-O 5. c4 c6 6. b3 Ne4 7. d4 d5 8. Bb2
Nd7 9. Nfd2 Ndf6 10. Nxe4 Nxe4 11. Nd2 Nxd2 12. Qxd2 Be6 13. Rac1 Qd7 14.
cxd5 cxd5 15. Rc2 Bh3 16. Bxh3 Qxh3 17. Rc7 Qe6 18. Rxb7 Qa6 19. Rb4 Rfc8
20. Ra4 Qe6 21. Qd3 Rc6 22. Rc1 a6 23. Rxc6 Qxc6 24. Ba3 e6 25. Bc5 e5 26.
Rb4 h5 27. Rb6 Qc8 28. b4 a5 29. b5 h4 30. Rc6 Qe8 31. Rc7 h3 32. b6 Rb8 33.
Qf3 e4 34. Qf4 Qe6 35. b7 e3 36. Qxe3 Qf5 37. Qd3 Qg5 38. Rc8+ Kh7 39. f4
{Black resigns}
1-0

[Event "ICC tourney 2494 (25 5)"]
[Site "Internet Chess Club"]
[Date "2021.04.04"]
[Round "4"]
[White "BOK, BENJAMIN:SLU-Bok"]
[Black "GLEDURA, BENJAMIN:WEB-Gledura"]
[Result "1/2-1/2"]
[ICCResult "Game drawn because neither player has mating material"]
[WhiteElo "2668"]
[BlackElo "2721"]
[Opening "King's Indian: fianchetto without c4"]
[ECO "A49"]
[NIC "QP.06"]
[Time "12:00:11"]
[TimeControl "1500+5"]

1. d4 Nf6 2. Nf3 g6 3. g3 Bg7 4. Bg2 d6 5. c4 Bf5 6. O-O O-O 7. b3 a5 8. Nc3
Ne4 9. Bb2 Nxc3 10. Bxc3 Be4 11. Qd2 d5 12. Bxa5 dxc4 13. bxc4 Nc6 14. Bc3
Bxf3 15. Bxf3 Nxd4 16. Bxb7 Ra3 17. Bxd4 Qxd4 18. Qxd4 Bxd4 19. Rad1 Bf6 20.
Rd2 Rb8 21. Bf3 Rc3 22. a4 Rxc4 23. Ra2 Rbb4 24. a5 Ra4 25. Rxa4 Rxa4 26.
Rc1 Be5 27. Rc5 Bd6 28. Rb5 c5 29. Bb7 c4 30. a6 c3 31. Rb6 Bc5 32. Rc6 Ra5
33. Rc8+ Kg7 34. Be4 Kf6 35. a7 Bxa7 36. Rxc3 Rc5 37. Rxc5 Bxc5 38. Kg2 e6
39. Bd3 h5 40. h3 g5 41. g4 hxg4 42. hxg4 Ke5 43. e3 f5 44. gxf5 exf5 45.
f4+ gxf4 46. exf4+ Kxf4 47. Bxf5
{Game drawn because neither player has mating material}
1/2-1/2

[Event "ICC tourney 2494 (25 5)"]
[Site "Internet Chess Club"]
[Date "2021.04.04"]
[Round "4"]
[White "ALI MARANDI, CEMIL CAN:SLU-AliMarandi"]
[Black "LENDERMAN, ALEKSANDR:WEB-Lenderman"]
[Result "1-0"]
[ICCResult "Black resigns"]
[WhiteElo "2617"]
[BlackElo "2704"]
[Opening "Philidor: Improved Hanham variation"]
[ECO "B07"]
[NIC "PU.08"]
[Time "12:00:09"]
[TimeControl "1500+5"]

1. d4 d6 2. e4 Nf6 3. Nc3 e5 4. Nf3 Nbd7 5. g4 Nxg4 6. Rg1 Ngf6 7. Be3 c6 8.
Qd2 b5 9. O-O-O Qa5 10. dxe5 dxe5 11. Kb1 b4 12. Na4 Ba6 13. Bh3 Rd8 14. b3
Qc7 15. Qe1 Bb5 16. Nb2 c5 17. Nd2 Nb6 18. Bf1 Bd7 19. f3 g6 20. Ndc4 Nh5
21. Rg5 f6 22. Rxh5 gxh5 23. Qh4 Be6 24. Qxf6 Rxd1+ 25. Nxd1 Qd7 26. Qxh8
Qxd1+ 27. Kb2 Qxf1 28. Nd6+ Kd7 29. Qxf8 c4 30. Nxc4 Nxc4+ 31. bxc4 Qxc4 32.
Qg7+ Bf7 33. Qxe5 Qxa2+ 34. Kc1 Bc4 35. Qd4+ Ke8 36. Qh8+ Kd7 37. Qxh7+ Kc6
38. Qg6+ Kb7 39. Qg7+ Bf7 40. Qd4 Qa4 41. f4 Be8 42. f5 Qa3+ 43. Kd2 Qa5 44.
Ke2 Bb5+ 45. Kf2 Qa2 46. Qc5 a6 47. e5 b3 48. Qd5+ Bc6 49. Qf7+ Kc8 50. Qe6+
Kb7 51. Qxb3+ Qxb3 52. cxb3 Be4 53. f6 Bd5 54. Kg3 Bxb3 55. Kh4 Bf7 56. e6
Bxe6 57. Kxh5 Bf7+ 58. Kh6 Kc6 59. Kg7 Bh5 60. f7 Bxf7 61. Kxf7 Kd5 62. h4
Ke4 63. Bc1 Kf5 64. h5 a5 65. h6 {Black resigns} 1-0

[Event "ICC tourney 2494 (25 5)"]
[Site "Internet Chess Club"]
[Date "2021.04.04"]
[Round "4"]
[White "BRUZON BATISTA, LAZARO:WEB-Bruzon"]
[Black "SWIERCZ, DARIUSZ:SLU-Swiercz"]
[Result "1/2-1/2"]
[ICCResult "Game drawn by mutual agreement"]
[WhiteElo "2725"]
[BlackElo "2733"]
[Opening "Neo-Grünfeld, 6.O-O c6"]
[ECO "D78"]
[NIC "QP.11"]
[Time "12:00:12"]
[TimeControl "1500+5"]

1. Nf3 Nf6 2. g3 g6 3. Bg2 Bg7 4. O-O O-O 5. c4 c6 6. d4 d5 7. Qa4 Nfd7 8.
cxd5 Nb6 9. Qd1 cxd5 10. b3 Nc6 11. Bb2 Bf5 12. Nc3 Rc8 13. Qd2 Qd7 14. Rfc1
Rfd8 15. e3 Qe8 16. Nh4 Be6 17. Ne2 Bd7 18. Nf3 Bf5 19. Ne1 e6 20. h3 h5 21.
Nd3 Nd7 22. Nef4 Nf6 23. Qe2 g5 24. Nxh5 Nxh5 25. Nc5 b6 26. Qxh5 bxc5 27.
Rxc5 Nb4 28. Qxg5 Nd3 29. Rxc8 Rxc8 30. Ba3 Rc2 31. f3 Qc8 32. Bf1 e5 33. g4
Bh7 34. Bd6 f6 35. Qh5 Qe6 36. dxe5 Nxe5 37. Bxe5 Qxe5 38. Qxe5 fxe5 39. Rd1
Bh6 40. f4 exf4 41. Rxd5 fxe3 42. Bc4 Bf8 43. Rd7+ Kh8 44. Rxh7+ Kxh7 45.
Bd3+ Kh6 46. Bxc2 Kg5 47. Bd1 Kf4 48. Kg2 Be7 49. Be2 a5 50. Bd3 Bd8 51. Be2
Be7 52. Bd3 Bd8 53. a3 Be7 54. b4 axb4 55. axb4 Bxb4 56. Be2 Be7 57. Bd1
{Game drawn by mutual agreement}
1/2-1/2

[Event "ICC tourney 2494 (25 5)"]
[Site "Internet Chess Club"]
[Date "2021.04.04"]
[Round "5"]
[White "IPATOV, ALEXANDER:SLU-Ipatov"]
[Black "DRAGUN, KAMIL:RIO-Dragun"]
[Result "1/2-1/2"]
[ICCResult "Game drawn by mutual agreement"]
[WhiteElo "2714"]
[BlackElo "2611"]
[Opening "Réti: King's Indian attack"]
[ECO "A05"]
[NIC "QP.11"]
[Time "15:01:08"]
[TimeControl "1500+5"]

1. Nf3 Nf6 2. g3 g6 3. Bg2 Bg7 4. d4 O-O 5. O-O d5 6. c3 a5 7. Re1 b6 8. Ne5
Bb7 9. c4 e6 10. Nc3 Nbd7 11. Bg5 h6 12. Bf4 Ne4 13. cxd5 Nxc3 14. bxc3 Nxe5
15. Bxe5 Bxe5 16. dxe5 Bxd5 17. Bxd5 Qxd5 18. Qxd5 exd5
{Game drawn by mutual agreement}
1/2-1/2

[Event "ICC tourney 2494 (25 5)"]
[Site "Internet Chess Club"]
[Date "2021.04.04"]
[Round "5"]
[White "GABUZYAN, HOVHANNES:RIO-Gabuzyan"]
[Black "BOK, BENJAMIN:SLU-Bok"]
[Result "1-0"]
[ICCResult "Black resigns"]
[WhiteElo "2664"]
[BlackElo "2668"]
[Opening "Sicilian: Najdorf, Opocensky variation"]
[ECO "B92"]
[NIC "SI.10"]
[Time "15:01:10"]
[TimeControl "1500+5"]

1. e4 c5 2. Nc3 d6 3. Nf3 Nf6 4. d4 cxd4 5. Nxd4 a6 6. Be2 e5 7. Nf3 Be7 8.
Bg5 Nbd7 9. a4 h6 10. Be3 Qc7 11. Nd2 O-O 12. O-O Nc5 13. b4 Nb3 14. cxb3
Qxc3 15. b5 Be6 16. Rc1 Qa5 17. Nc4 Qb4 18. Bd2 Qc5 19. Na5 Qb6 20. b4 axb5
21. Be3 Qd8 22. Bxb5 Qb8 23. Nc4 d5 24. Nb6 d4 25. Bd2 Ra7 26. f3 Bd8 27.
Nc4 Bd7 28. Qb3 Bxb5 29. axb5 Be7 30. Rc2 b6 31. Rfc1 Rc8 32. Nb2 Rac7 33.
Rc6 Ne8 34. Nd3 Rxc6 35. bxc6 b5 36. Qd5 Bd6 37. Be1 Nf6 38. Qa2 Qb6 39. Bh4
g5 40. Bg3 Kg7 41. Bxe5 Bxe5 42. Nxe5 d3+ 43. Kf1 Rc7 44. Nxd3 Qd4 45. Qc2
g4 46. Qc3 Qe3 47. Ne5 Qg5 48. Nxg4 h5 49. Qxf6+ Qxf6 50. Nxf6 Kxf6 51. Rc5
Ke6 52. Kf2 Kd6 53. Kg3 {Black resigns} 1-0

[Event "ICC tourney 2494 (25 5)"]
[Site "Internet Chess Club"]
[Date "2021.04.04"]
[Round "5"]
[White "BELOUS, VLADIMIR:RIO-Belous"]
[Black "ALI MARANDI, CEMIL CAN:SLU-AliMarandi"]
[Result "0-1"]
[ICCResult "White checkmated"]
[WhiteElo "2620"]
[BlackElo "2617"]
[Opening "QGD semi-Slav"]
[ECO "D43"]
[NIC "SL.03"]
[Time "15:01:40"]
[TimeControl "1500+5"]

1. d4 d5 2. c4 c6 3. Nf3 Nf6 4. Nc3 e6 5. g3 Nbd7 6. Bg2 dxc4 7. O-O Be7 8.
e4 O-O 9. a4 e5 10. dxe5 Ng4 11. Bf4 Qa5 12. Nd5 cxd5 13. exd5 Nc5 14. d6
Bd8 15. h3 Nh6 16. Bxh6 gxh6 17. Qc1 Kg7 18. Qxc4 Be6 19. Qf4 Nb3 20. Rae1
Rc8 21. Re4 Qc5 22. h4 f6 23. Rb4 Bb6 24. Qe4 f5 25. Qe1 Kh8 26. Rb5 Qc2 27.
a5 Nd4 28. Nxd4 Bxd4 29. Rxb7 f4 30. Be4 fxg3 31. Bxc2 gxf2+ 32. Rxf2 Rxc2
33. Qd1 Rg8+ 34. Kh1 Bd5+ 35. Rf3 Bxf3+ 36. Qxf3 Rg1# {White checkmated} 0-1

[Event "ICC tourney 2494 (25 5)"]
[Site "Internet Chess Club"]
[Date "2021.04.04"]
[Round "5"]
[White "KHANIN, SEMEN:TTU-Khanin"]
[Black "QUESADA PEREZ, YUNIESKY:WEB-Quesada"]
[Result "0-1"]
[ICCResult "White resigns"]
[WhiteElo "2557"]
[BlackElo "2669"]
[Opening "Sicilian: Taimanov variation"]
[ECO "B48"]
[NIC "SI.40"]
[Time "15:01:07"]
[TimeControl "1500+5"]

1. e4 c5 2. Nf3 e6 3. d4 cxd4 4. Nxd4 Nc6 5. Nc3 Qc7 6. Be3 a6 7. Qf3 Ne5 8.
Qg3 h5 9. h4 Nf6 10. O-O-O b5 11. Bxb5 axb5 12. Ndxb5 Qb8 13. Bf4 d6 14.
Rxd6 Bxd6 15. Nxd6+ Qxd6 16. Bxe5 Qc5 17. b4 Qxb4 18. Qxg7 Rg8 19. Qxf6 Ra7
20. Nb1 Rd7 21. Qf3 Bb7 22. Nc3 Bc6 23. Nb1 Bxe4 24. Qe3 Rxg2 25. Re1 Bf5
26. Nd2 Rg4 27. f3 Rg2 28. Bc3 Qa4 {White resigns} 0-1

[Event "ICC tourney 2494 (25 5)"]
[Site "Internet Chess Club"]
[Date "2021.04.04"]
[Round "5"]
[White "HAKOBYAN, ARAM:WEB-Hakobyan"]
[Black "MATVIISHEN, VIKTOR:TTU-Matviishen"]
[Result "1-0"]
[ICCResult "Black forfeits on time"]
[WhiteElo "2683"]
[BlackElo "2564"]
[Opening "QGD semi-Slav"]
[ECO "D43"]
[NIC "SL.03"]
[Time "15:01:09"]
[TimeControl "1500+5"]

1. d4 d5 2. c4 c6 3. Nc3 Nf6 4. Nf3 e6 5. Qd3 dxc4 6. Qxc4 b5 7. Qd3 Bb7 8.
e4 b4 9. Na4 Nbd7 10. Be3 Qa5 11. b3 Be7 12. Nd2 O-O 13. f3 Rfd8 14. Rc1 c5
15. Nc4 Qc7 16. Qd2 e5 17. d5 Nb6 18. Ncb2 Nbxd5 19. exd5 Nxd5 20. Bc4 e4
21. O-O exf3 22. Rxf3 Nxe3 23. Qxe3 Bxf3 24. Qxf3 Bf6 25. Nd3 Re8 26. Kh1
Bd4 27. Rf1 Kh8 28. h3 f6 29. Nf4 g6 30. Ne6 Qe7 31. Naxc5 Bxc5 32. Nxc5 f5
33. Nd3 Rad8 34. Qc6 Rd6 35. Qc5 Rb6 36. Qa5 Qd6 37. Qxa7 Rbb8 38. Nf4 Ra8
39. Qf2 Kg7 40. Nd5 Re5 41. Qb2 Re8 42. Qd2 Rd8 43. Qxb4 Rxd5 44. Qb7+ Rd7
45. Qxd5 Qxd5 46. Bxd5 Rxd5 47. a4 Kf6 48. Ra1 Rd3 49. Ra3 Ke5 50. a5 Rd7
51. a6 Ra7 52. Ra4 Kd5 53. Kh2 Kc5 54. Kg3 Kb6 55. Kf4 h6 56. Ke5
{Black forfeits on time}
1-0

[Event "ICC tourney 2494 (25 5)"]
[Site "Internet Chess Club"]
[Date "2021.04.04"]
[Round "5"]
[White "VORONTSOV, PAVLO:TTU-Vorontsov"]
[Black "BRUZON BATISTA, LAZARO:WEB-Bruzon"]
[Result "0-1"]
[ICCResult "White resigns"]
[WhiteElo "2631"]
[BlackElo "2725"]
[Opening "Sicilian: Alapin's variation (2.c3)"]
[ECO "B22"]
[NIC "SI.47"]
[Time "15:01:10"]
[TimeControl "1500+5"]

1. e4 c5 2. c3 Nf6 3. e5 Nd5 4. d4 cxd4 5. Nf3 e6 6. cxd4 d6 7. Bc4 Be7 8.
O-O O-O 9. Qe2 Nc6 10. Rd1 Bd7 11. Bd2 Rc8 12. Nc3 Nb6 13. Bd3 d5 14. h4 f6
15. exf6 Bxf6 16. Ng5 h6 17. Be3 Ne7 18. Nf3 Nf5 19. h5 Nc4 20. Bxf5 exf5
21. Nxd5 Bb5 22. Nxf6+ Qxf6 23. Bf4 Rfe8 24. Ne5 Nxe5 25. Qxb5 Ng4 26. Qxb7
Qh4 27. Qf3 Qxh5 28. d5 Rc2 29. Bg3 Rxf2 30. Qb3 Ree2 31. d6+ Kh7 32. Qb7
Rxg2+ 33. Qxg2 Rxg2+ 34. Kxg2 Ne3+ {White resigns} 0-1

[Event "ICC tourney 2494 (25 5)"]
[Site "Internet Chess Club"]
[Date "2021.04.04"]
[Round "5"]
[White "SWIERCZ, DARIUSZ:SLU-Swiercz"]
[Black "BARTEL, MATEUSZ:RIO-Bartel"]
[Result "1/2-1/2"]
[ICCResult "Game drawn by repetition"]
[WhiteElo "2733"]
[BlackElo "2710"]
[Opening "Queen's pawn game"]
[ECO "D02"]
[NIC "QP.08"]
[Time "15:01:08"]
[TimeControl "1500+5"]

1. d4 d5 2. Nf3 e6 3. Bf4 Bd6 4. e3 Bxf4 5. exf4 Qd6 6. Qd2 Nf6 7. Nc3 O-O
8. Bd3 Nbd7 9. O-O c5 10. Rfe1 cxd4 11. Nb5 Qb6 12. a3 Nc5 13. Nbxd4 Nce4
14. Qb4 Qc7 15. Ne5 a5 16. Nb5 Qb6 17. Qd4 Qxd4 18. Nxd4 b6 19. b4 a4 20. f3
Nd6 21. g4 Ba6 22. b5 Bb7 23. Kf2 Rfd8 24. h4 Nd7 25. g5 Nxe5 26. fxe5 Nc4
27. h5 g6 28. f4 Kf8 29. Rh1 Kg7 30. Ke2 Rh8 31. h6+ Kf8 32. Rhb1 Ke7 33.
Rb4 Rhc8 34. Bxc4 dxc4 35. Ke3 c3 36. Rd1 Rc5 37. Rd3 Bd5 38. Ne2 Bc4 39.
Rd6 Bxb5 40. Nd4 Be8 41. Rbxb6 Rac8 42. Kd3 R5c7 43. Rb4 Kf8 44. Ke3 Rc5 45.
Rb7 Rc4 46. Kd3 R4c5 47. Ke3 Rc4 48. Rbb6 R4c5 49. Rb4 Ke7 50. Rb7+ Kf8 51.
Rb1 Rc4 52. Kd3 R4c5 53. Rb7 Rc4 54. Rd8 R4c5 55. Rxc8 Rxc8 56. Rb4 Ke7 57.
Rc4 Rb8 58. Kxc3 Rb1 59. Rc7+ Kd8 60. Ra7 Rf1 61. Ra8+ Ke7 62. Ra7+ Kd8 63.
Ne2 Bb5 64. Ra8+ Ke7 65. Nd4 Be8 66. Ra7+ Kd8 67. Ra8+ Ke7 68. Ra7+ Kd8
{Game drawn by repetition}
1/2-1/2

[Event "ICC tourney 2494 (25 5)"]
[Site "Internet Chess Club"]
[Date "2021.04.04"]
[Round "5"]
[White "GLEDURA, BENJAMIN:WEB-Gledura"]
[Black "SOROKIN, ALEKSEY:TTU-Sorokin"]
[Result "0-1"]
[ICCResult "White resigns"]
[WhiteElo "2721"]
[BlackElo "2628"]
[Opening "Réti: King's Indian attack"]
[ECO "A05"]
[NIC "QP.11"]
[Time "15:01:08"]
[TimeControl "1500+5"]

1. Nf3 Nf6 2. g3 g6 3. b3 d5 4. c4 d4 5. Bb2 c5 6. b4 Bg7 7. Bg2 O-O 8. O-O
Re8 9. d3 e5 10. bxc5 Nbd7 11. Ba3 Qc7 12. Nbd2 Nxc5 13. Ng5 Bf8 14. Rb1 Rb8
15. Qc1 Bg4 16. Re1 b6 17. Nde4 Nfxe4 18. Nxe4 Be7 19. Bb4 Bf5 20. Ng5 h6
21. Nf3 Kh7 22. Bd2 Bf8 23. Bb4 Bd7 24. h4 Bg7 25. Nd2 Be6 26. Qc2 f5 27.
Bxc5 bxc5 28. Qa4 Bd7 29. Qa3 Bf8 30. Bd5 a5 31. h5 g5 32. g4 fxg4 33. Ne4
Kg7 34. e3 Rb4 35. Qc1 Be7 36. Ng3 Rf8 37. a3 Rxb1 38. Qxb1 Bd6 39. Qd1 e4
40. Nxe4 g3 41. fxg3 Bxg3 42. Rf1 dxe3 43. Rxf8 Kxf8 44. Qf3+ Bf4 45. Nf6
Bf5 46. Be4 Qe5 47. Bxf5 Qxf5 48. Ng4 Qd7 49. Ne5 Qe6 50. Qa8+ Kg7 51. Qb7+
Kf6 52. Nd7+ Kf5 53. Nxc5 e2 54. Qe4+ Qxe4 55. dxe4+ Ke5 56. Kf2 Be3+ 57.
Kxe2 Bxc5 {White resigns} 0-1

[Event "ICC tourney 2494 (25 5)"]
[Site "Internet Chess Club"]
[Date "2021.04.04"]
[Round "6"]
[White "SOROKIN, ALEKSEY:TTU-Sorokin"]
[Black "IPATOV, ALEXANDER:SLU-Ipatov"]
[Result "0-1"]
[ICCResult "White resigns"]
[WhiteElo "2628"]
[BlackElo "2714"]
[Opening "Queen's Pawn"]
[ECO "A41"]
[NIC "QO.17"]
[Time "18:00:30"]
[TimeControl "1500+5"]

1. d4 d6 2. Nf3 Nf6 3. c4 g6 4. Nc3 Bf5 5. h3 Bg7 6. g4 Bc8 7. e4 h5 8. g5
Nfd7 9. Be3 c5 10. d5 O-O 11. Be2 Na6 12. Nh4 Nc7 13. f4 b5 14. Rg1 b4 15.
Na4 e6 16. Kf2 exd5 17. cxd5 Re8 18. Bf3 Nb5 19. Qd3 Nd4 20. Rac1 a5 21. Qd1
Ba6 22. Re1 Nxf3 23. Qxf3 Bb5 24. b3 Bxa4 25. bxa4 Bc3 26. Re2 Qe7 27. Rxc3
bxc3 28. Bc1 Nb6 29. Qxc3 Nxd5 30. Qb3 Nb4 31. Bb2 d5 32. Kg3 d4 33. a3 Nc6
34. Qc4 Rab8 35. Bc1 Qe6 36. Qxc5 Rb3+ 37. Nf3 Rc3 {White resigns} 0-1